 Dungeon Crawl Stone Soup version 0.21.1-1-g345015f (webtiles) character file.

289 Yorethra the Digger (level 6, -2/32 HPs)
             Began as a Gargoyle Earth Elementalist on May 9, 2018.
             Killed by divine providence
             ... invoked by an orc priest
              (14 damage)
             ... on level 3 of the Dungeon.
             The game lasted 00:28:58 (2948 turns).

Yorethra the Digger (Gargoyle Earth Elementalist)   Turns: 2948, Time: 00:28:58

Health: -2/32      AC:  7    Str: 11    XL:     6   Next: 31%
Magic:  6/12       EV: 12    Int: 18    God:
Gold:   110        SH:  0    Dex: 10    Spells: 9/13 levels left

rFire    . . .     SeeInvis .   i - +0 mace
rCold    . . .     Gourm    .   (no shield)
rNeg     + . .     Faith    .   c - +1 robe
rPois    ∞         Spirit   .   (no helmet)
rElec    +         Reflect  .   (no cloak)
rCorr    .         Harm     .   (no gloves)
MR       .....                  (no boots)
Stlth    ++........             (no amulet)
HPRegen  0.10/turn              (no ring)
MPRegen  0.13/turn              (no ring)

@: no status effects
A: negative energy resistance 1, electricity resistance, unbreathing,
petrification resistance, rot immunity, AC +4
a: no special abilities


You were on level 3 of the Dungeon.
You were not hungry.

You visited 1 branch of the dungeon, and saw 3 of its levels.

You collected 110 gold pieces.

Inventory:

Hand Weapons
 i - a +0 mace (weapon)
Missiles
 b - 53 stones (quivered)
Armour
 c - a +1 robe (worn)
 m - a +0 pair of gloves
Wands
 u - a wand of polymorph (6)
Scrolls
 a - 2 scrolls of remove curse
 h - 2 scrolls of amnesia
 o - a scroll of fear
Potions
 f - 2 potions of curing
 j - a potion of berserk rage {unknown}
 n - a potion of degeneration {unknown}
 r - a potion of lignification {unknown}
 s - a potion of heal wounds
 t - a potion of mutation {unknown}
 w - a potion of brilliance {unknown}
Books
 e - a book of Geomancy

   Spells                             Type                      Level
   a - Sandblast                      Earth                        1
   b - Passwall                       Transmutation/Earth          2
   c - Stone Arrow                    Conjuration/Earth            3
   d - Petrify                        Transmutation/Earth          4
   e - Lee's Rapid Deconstruction     Earth                        5
Comestibles
 d - 5 rations
 g - 10 chunks of flesh


   Skills:
 - Level 1.5 Dodging
 - Level 2.1 Stealth
 + Level 4.2 Spellcasting
 + Level 1.8 Conjurations
   Level 0.7 Transmutations
 + Level 6.1 Earth Magic


You had 9 spell levels left.
You knew the following spells:

 Your Spells              Type           Power        Failure   Level  Hunger
a - Sandblast             Erth           ####..       1%          1    None
b - Stone Arrow           Conj/Erth      ###...       9%          3    ###....


Dungeon Overview and Level Annotations

Branches:
Dungeon (3/15)

Altars:
Gozag
Makhleb
Okawaru
The Shining One


Innate Abilities, Weirdness & Mutations

You are resistant to torment.
Your stone body is resilient. (AC +4)
You are immune to poison.
You resist negative energy. (rN+)
You are resistant to electric shocks. (rElec)
You can survive without breathing.
You are immune to petrification.
You are immune to rotting.


Message History

You butcher the ball python corpse.
You butcher the orc corpse.
You butcher the gnoll corpse.
g - 7 chunks of flesh (gained 1);
g - 9 chunks of flesh (gained 2)
g - 10 chunks of flesh (gained 1)
Items here: )) [ ÷÷ a club; a leather armour; a whip; an orc skeleton; a gnoll skeleton The orc priest shouts!
Items here: ( ))) ††
Okay, then.
Butcher an orc corpse? [(y)es/(c)hoosy/(n)o/(a)ll/(e)dible/(q)uit/?]
You butcher the orc corpse.
The orc priest mumbles some strange prayers to Beogh against you.
Beogh smites you!
You stop butchering the corpse.
Items here: )) [ ÷÷ a club; a leather armour; a whip; an orc skeleton; a gnoll skeleton You see here a club.
The orc priest calls down the wrath of Beogh upon you.
Beogh smites you!
You die...

#.# # ### #.# ..#
#.# #.# #.# #.#
###.####### # #.#
#..........
#.#######.##
#.#########
#.o)).....# #.#
#.#######@.# #.#
.. #..# #.# .o.
#..# #.# ... #..#
#.# .. ##.#####.#
.
#.......#########
#.#####..........
#####.#
###########
..##.#


You could see an orc priest.

Vanquished Creatures
  A hound (D:2)
  Terence (D:2)
  Robin (D:2)
  4 gnolls (D:3)
  8 adders
  An ooze (D:2)
  2 worms (D:3)
  4 dart slugs
  2 leopard geckos
  2 orcs (D:3)
  4 ball pythons
  4 giant cockroaches
  12 goblins
  16 hobgoblins
  3 jackals (D:3)
  A quokka (D:3)
  12 bats
  2 frilled lizards (D:1)
  7 kobolds
  7 rats
94 creatures vanquished.

Notes
Turn   | Place    | Note
-------+----------+-------------------------------------------
     0 | D:1      | Yorethra the Gargoyle Earth Elementalist began the quest for the Orb.
     0 | D:1      | Reached XP level 1. HP: 10/10 MP: 3/3
   201 | D:1      | Reached XP level 2. HP: 15/15 MP: 3/5
   212 | D:1      | Reached skill level 4 in Earth Magic
   386 | D:1      | Reached XP level 3. HP: 19/19 MP: 2/6
   397 | D:1      | Learned a level 3 spell: Stone Arrow
   713 | D:1      | You fall through a shaft!
   942 | D:2      | Noticed Robin
   955 | D:2      | Killed Robin
   965 | D:2      | Reached XP level 4. HP: 21/24 MP: 1/8
  1159 | D:2      | Reached skill level 5 in Earth Magic
  1207 | D:2      | Found a burning altar of Makhleb.
  1437 | D:2      | Reached XP level 5. HP: 28/28 MP: 3/10
  1536 | D:2      | Noticed Terence
  1594 | D:2      | Killed Terence
  1801 | D:2      | Found a glowing golden altar of the Shining One.
  2395 | D:3      | Found an opulent altar of Gozag.
  2395 | D:3      | Found an iron altar of Okawaru.
  2537 | D:3      | Reached skill level 1 in Conjurations
  2727 | D:3      | Reached XP level 6. HP: 32/32 MP: 10/12
  2757 | D:3      | Reached skill level 6 in Earth Magic
  2948 | D:3      | Killed from afar by an orc priest

Skill      XL: |  1  2  3  4  5  6 |
---------------+-------------------+-----
Earth Magic    | 4 5 6 |  6.1
Spellcasting   | 3 4 |  4.2
Conjurations   | 1 |  1.8
Dodging        | |  1.5
Stealth        | |  2.1
Transmutations | |  0.7

Action                   |  1- 3 |  4- 6 || total
-------------------------+-------+-------++-------
Melee: Mace              |    45 |   126 ||   171
       Unarmed           |     1 |     2 ||     3
 Cast: Sandblast         |    32 |    18 ||    50
       Stone Arrow       |     6 |    37 ||    43
  Use: Scroll            |       |     8 ||     8
       Potion            |       |     2 ||     2
 Stab: Sleeping          |       |     1 ||     1
  Eat: Chunk             |     1 |    10 ||    11
Armor: Robe              |    24 |    59 ||    83
       Skin              |       |    11 ||    11
Dodge: Dodged            |    53 |   127 ||   180
